 Dungeon Crawl Stone Soup version 0.29.1-2-gbd0b4ee654 (webtiles) character file.

Game seed: 12323358130375429712

65 Ihaveafatcat the Covered (level 4, 0/40 HPs)
             Began as a Hill Orc Fighter on Nov 9, 2022.
             Slain by a black bear (1 damage)
             ... on level 4 of the Dungeon.
             The game lasted 00:11:12 (3587 turns).

Ihaveafatcat the Covered (Hill Orc Fighter)         Turns: 3587, Time: 00:11:17

Health: 0/40       AC:  8    Str: 20    XL:     4   Next: 14%
Magic:  4/4        EV:  9    Int:  8    God:
Gold:   59         SH:  4    Dex: 10    Spells: 3/3 levels left

rFire   . . .      SeeInvis .   a - +0 war axe (vorpal)
rCold   . . .      Faith    .   c - +0 buckler
rNeg    . . .      Spirit   .   b - +0 scale mail
rPois   .          Reflect  .   h - +0 helmet
rElec   .          Harm     .   (no cloak)
rCorr   .          Rampage  .   (no gloves)
Will    .....                   (no boots)
Stlth   ..........              (no amulet)
HPRegen 0.13/turn               (no ring)
MPRegen 0.09/turn               (no ring)

@: no status effects
A: no striking features
a: no special abilities


You were on level 4 of the Dungeon.
You visited 1 branch of the dungeon, and saw 4 of its levels.

You collected 59 gold pieces.

Inventory:

Hand Weapons
 a - a +0 vorpal war axe (weapon)
Missiles
 r - 6 javelins (quivered)
Armour
 b - a +0 scale mail (worn)
 c - a +0 buckler (worn)
 h - a +0 helmet (worn)
Potions
 d - a potion of might
 f - a potion of haste {unknown}
 g - a potion of cancellation
 j - 2 potions of heal wounds {unknown}
 k - a potion of curing {unknown}
 l - a potion of mutation {unknown}
 m - 2 potions of invisibility {unknown}


   Skills:
 + Level 4.1 Fighting
 + Level 3.6 Axes
 + Level 4.1 Armour
 + Level 0.4 Dodging
 + Level 0.1 Stealth
 + Level 3.6 Shields


You had 3 spell levels left.
You didn't know any spells.
Your spell library contained the following spells:

 Spells                   Type           Power      Damage    Failure   Level
 Beastly Appendage        Tmut           0%         N/A       85%         1
 Freeze                   Ice            0%         1d3       85%         1
 Shock                    Conj/Air       0%         1d3       85%         1
 Wereblood                Tmut           0%         N/A       94%         2
 Frozen Ramparts          Ice            0%         1d1       99%         3
 Spider Form              Tmut/Pois      0%         N/A       99%         3
 Swiftness                Air            0%         N/A       99%         3
 Airstrike                Air            0%         2d(0-16)  100%        4
 Hailstorm                Conj/Ice       0%         3d3       100%        4


Dungeon Overview and Level Annotations

Branches:
Dungeon (3/15)

Altars:

Annotations:
D:4 1 runed translucent door


Message History

The ice beast attacks as you move away! The ice beast hits you.
The ice beast freezes you!
You see here a +0 flail.
The giant cockroach attacks as you move away!
The giant cockroach bites you but does no damage.
The ice beast hits you but does no damage.
The black bear bites you but does no damage.
The black bear claws you. The black bear misses you.
The orc closely misses you.
The giant cockroach attacks as you move away!
You block the giant cockroach's attack. The black bear closely misses you.
The black bear claws you but does no damage.
The black bear barely misses you. You block the orc's attack.
The ice beast attacks as you move away!
The ice beast hits you but does no damage.
The ice beast closely misses you. You block the orc's attack.
The giant cockroach bites you. You block the giant cockroach's attack.
You see here a scroll labelled ACEUJA GOUCW.
e - a scroll labelled ACEUJA GOUCW The ice beast hits you.
The ice beast freezes you!
The black bear bites you but does no damage.
The black bear claws you but does no damage. x2
The orc hits you but does no damage.
The giant cockroach bites you but does no damage.
As you read the scroll labelled ACEUJA GOUCW, it crumbles to dust.
Magic quickly surges around you.
It was a scroll of vulnerability.
The ice beast hits you. The ice beast freezes you!
* * * LOW HITPOINT WARNING * * *
The black bear closely misses you. The black bear completely misses you.
The black bear claws you but does no damage.
You block the orc's attack. The giant cockroach barely misses you.
It was a potion of cancellation.
Your magical effects are unravelling.
You feel magically purged.
You feel your willpower return. The ice beast closely misses you.
The black bear bites you but does no damage.
The black bear claws you.
You die...

.##........ ...
..#.......##...
............... .
................. ..
............. .. ##..
...............### .#..
#......# #...##. ....
..#....@.# #...#..##...#
......hYB###...##.....##
##......o.)...# #......#
#..........#.####...#.#
#............#.#....#..
........................
.................#.....#
.##....................#
##.#..................


You could see a black bear (weak-willed), an ice beast (weak-willed), an orc
(weak-willed) and a giant cockroach (weak-willed).

Vanquished Creatures
  2 adders (D:2)
  4 dart slugs (D:1)
  4 giant cockroaches
  3 goblins
  4 hobgoblins
  2 jackals (D:2)
  2 quokkas
  3 ball pythons
  8 bats
  5 kobolds
37 creatures vanquished.

Notes
Turn   | Place    | Note
-------+----------+-------------------------------------------
     0 | D:1      | Ihaveafatcat the Hill Orc Fighter began the quest for the
                  | Orb.
     0 | D:1      | Reached XP level 1. HP: 19/19 MP: 1/1
   103 | D:1      | Found a faded altar of an unknown god.
   323 | D:1      | Reached XP level 2. HP: 25/27 MP: 2/2
   878 | D:1      | Reached XP level 3. HP: 33/33 MP: 3/3
  1612 | D:2      | Reached XP level 4. HP: 36/40 MP: 4/4
  3558 | D:3      | You fall into a shaft and drop 1 floor!
  3569 | D:4      | Noticed a black bear
  3570 | D:4      | Noticed an ice beast
  3572 | D:4      | Found a runed translucent door.
  3586 | D:4      | HP: 1/40 [ice beast (12)]
  3587 | D:4      | Slain by a black bear

Illustrated notes

Levels and vault maps discovered:
D:1:      heliophobic_arrival_enchanted_forest, layout_basic,
          shapermc_ecumenical_altar_pompeii
D:2:      minmay_evil_eye, layout_rooms
D:3:      layout_basic, grunt_gozag_statues, nicolae_tso_carved_into_rock,
          gammafunk_ghost_mausoleum
D:4:      lemuel_castle_with_subvaults [lemuel_castle_interior_carwin_2],
          layout_cave_pools, minmay_temple_entry_overgrown,
          gammafunk_ghost_grave

Skill      XL: |  1  2  3 |
---------------+----------+-----
Axes           | 3 |  3.6
Fighting       | 4 |  4.1
Armour         | 4 |  4.1
Dodging        | |  0.4
Stealth        | |  0.1
Shields        | |  3.6

Action                   |  1- 3 |  4- 6 || total
-------------------------+-------+-------++-------
Melee: War axe           |   114 |    16 ||   130
  Use: Scroll            |       |     8 ||     8
       Potion            |       |     1 ||     1
Armor: Scale mail        |    98 |    42 ||   140
Dodge: Dodged            |    70 |    24 ||    94
Block: Buckler           |    54 |    12 ||    66
